 Dungeon Crawl Stone Soup version 0.27.1-2-g3b301248ec (webtiles) character file.

Game seed: 17116313897986345925

17 MajorAdolf the Shooter (level 2, 26/26 HPs)
             Began as a Naga Wanderer on Sept 25, 2021.
             Quit the game on level 1 of the Dungeon.
             The game lasted 00:02:40 (646 turns).

MajorAdolf the Shooter (Naga Wanderer)               Turns: 646, Time: 00:02:41

Health: 26/26      AC:  3    Str: 11    XL:     2   Next: 62%
Magic:  2/2        EV:  7    Int: 15    God:
Gold:   44         SH:  0    Dex: 10    Spells: 1/1 levels left

rFire    . . .     SeeInvis +   j - +0 short sword (venom)
rCold    . . .     Faith    .   (no shield)
rNeg     . . .     Spirit   .   c - +0 ring mail
rPois    +         Reflect  .   (no helmet)
rElec    .         Harm     .   (no cloak)
rCorr    .         Rampage  .   (no gloves)
Will     .....                  (no barding)
Stlth    +.........             (no amulet)
HPRegen  0.08/turn              (no ring)
MPRegen  0.08/turn              (no ring)

@: very slow
A: AC +0, large, see invisible, deformed body, poison resistance, slowness 2,
spit poison 1, naga tail 1
a: Spit Poison


You were on level 1 of the Dungeon.
You visited 1 branch of the dungeon, and saw 1 of its levels.

You collected 44 gold pieces.

Inventory:

Hand Weapons
 a - a +2 shortbow
 e - a +0 dagger
 h - a +0 dagger
 j - a +0 short sword of venom (weapon)
Missiles
 b - 29 arrows
 f - 59 stones (quivered)
Armour
 c - a +0 ring mail (worn)
Scrolls
 d - a scroll of teleportation
 g - a scroll of identify {unknown}
 i - a scroll of silence {unknown}


   Skills:
 + Level 2.0 Fighting
 + Level 0.2 Short Blades
 + Level 1.0 Maces & Flails
 + Level 3.4 Bows
 + Level 1.5 Armour
 + Level 3.0 Stealth


You had one spell level left.
You didn't know any spells.
Your spell library was empty.

Dungeon Overview and Level Annotations

Branches:
Dungeon (1/15)

Altars:


Innate Abilities, Weirdness & Mutations

Your serpentine skin is tough. (AC +0)
You have supernaturally acute eyesight. (SInv)
Armour fits poorly on your strangely shaped body.
Your system is resistant to poisons. (rPois)
You cover ground very slowly.
You can spit poison.
You have a snake-like lower body.


Message History

You enter the shallow water.
Moving in this stuff is going to be slow.
A rat comes into view.
The kobold shouts!
The kobold throws a stone.
The stone barely misses you.
Press: ? - help, Shift-Dir - straight line, f - kobold
Aim: a kobold, wielding a +0 short sword of venom and quivering stones The splash of poison hits the kobold!
You kill the kobold!
Unknown command.
You have got your breath back.
You enter the shallow water.
Moving in this stuff is going to be slow.
The rat bites you but does no damage.
You hit the rat but do no damage. The rat closely misses you.
You hit the rat.
The rat is severely wounded.
The rat closely misses you.
You completely miss the rat.
The rat is moderately wounded.
The rat bites you but does no damage.
You closely miss the rat.
The rat is moderately wounded.
The rat bites you but does no damage.
You completely miss the rat.
The rat is moderately wounded.
The rat bites you.
You hit the rat but do no damage.
The rat is moderately wounded.
The rat bites you but does no damage.
You hit the rat.
You kill the rat!
f - 59 stones (gained 5)
You see here a +0 short sword of venom.
j - a +0 short sword of venom Your +0 short sword of venom begins to drip with poison!
j - a +0 short sword of venom (weapon)
Unknown command.
Found 15 arrows and a leather armour.
Are you sure you want to abandon this character and quit the game? (Confirm with "yes".)

....###.#......###..
###.≈.≈.≈..≈≈.#
#..#≈'''#≈.###
#≈#≈≈≈≈≈.≈#..## .
#.#..≈≈≈..≈≈..######..
≈.#≈.≈≈..≈#..≈........
.###≈.≈.≈≈≈###.........
.≈#≈≈..._≈≈.≈≈#≈.(......
. #8≈####≈≈#.8#≈@.......
. ### ...####.........
≈≈≈.≈ ≈..........
..............#...
.....##.#....##..
......#....# ## (
####....# #[...#


There were no monsters in sight!

Vanquished Creatures
  A dart slug (D:1)
  An endoplasm (D:1)
  3 goblins (D:1)
  A hobgoblin (D:1)
  A jackal (D:1)
  A quokka (D:1)
  A bat (D:1)
  A frilled lizard (D:1)
  A kobold (D:1)
  3 rats (D:1)
  A spectral goblin (D:1)
15 creatures vanquished.

Notes
Turn   | Place    | Note
-------+----------+-------------------------------------------
     0 | D:1      | MajorAdolf the Naga Wanderer began the quest for the Orb.
     0 | D:1      | MajorAdolf set off with the following items: a +2 shortbow,
                  | 29 arrows, a +0 ring mail, a scroll of teleportation, a +0
                  | dagger
     0 | D:1      | Reached XP level 1. HP: 19/19 MP: 1/1
   230 | D:1      | Reached XP level 2. HP: 26/26 MP: 2/2
   588 | D:1      | Found a faded altar of an unknown god.
   646 | D:1      | Quit the game

Illustrated notes

Levels and vault maps discovered:
D:1:      minmay_arrival_widening_spiral_wide, layout_rooms,
          dreamdust_ecumenical_altar_drowned_temple, nrook_mini_backslash

Skill      XL: |  1 |
---------------+----+-----
Bows           | 3 |  3.4
Fighting       | |  2.0
Short Blades   | |  0.2
Maces & Flails | |  1.0
Armour         | |  1.5
Stealth        | |  3.0

Action                   || total
-------------------------++-------
Melee: Dagger            ||    27
Throw: Stone             ||     3
 Abil: Spit Poison       ||    14
Armor: Ring mail         ||    15
Dodge: Dodged            ||     6
